 Dungeon Crawl Stone Soup version 0.26.1-2-gb8aa6d0cf2 (webtiles) character file.

Game seed: 5355759177570351072

545 Eitelfritz the Slasher (level 7, 0/60 HPs)
             Began as a Hill Orc Fighter on Mar 19, 2021.
             Slain by Grinder (5 damage)
             ... on level 3 of the Dungeon.
             The game lasted 00:05:16 (2499 turns).

Eitelfritz the Slasher (Hill Orc Fighter)           Turns: 2499, Time: 00:05:16

Health: 0/60       AC:  7    Str: 21    XL:     7   Next: 27%
Magic:  7/7        EV: 10    Int:  8    God:
Gold:   100        SH:  4    Dex: 10    Spells: 6/6 levels left

rFire    . . .     SeeInvis .   a - +0 long sword
rCold    . . .     Faith    .   m - +0 buckler
rNeg     . . .     Spirit   .   b - +0 scale mail
rPois    .         Reflect  .   (no helmet)
rElec    .         Harm     .   (no cloak)
rCorr    .         Rampage  .   (no gloves)
Will     .....                  (no boots)
Stlth    ..........             (no amulet)
HPRegen  0.20/turn              (no ring)
MPRegen  0.10/turn              (no ring)

@: no status effects
A: no striking features
a: no special abilities


You were on level 3 of the Dungeon.
You visited 1 branch of the dungeon, and saw 3 of its levels.

You collected 100 gold pieces.

Inventory:

Hand Weapons
 a - a +0 long sword (weapon)
 d - a +0 mace
Missiles
 q - 31 poisoned darts (quivered)
 y - 10 boomerangs
Armour
 b - a +0 scale mail (worn)
 c - a +0 kite shield
 m - a +0 buckler (worn)
 A - a +0 tower shield
Jewellery
 f - an uncursed ring of protection from cold {unknown}
Scrolls
 e - a scroll of noise {unknown}
 g - a scroll of magic mapping {unknown}
 h - a scroll of enchant armour {unknown}
 j - a scroll of enchant weapon {unknown}
 o - 3 scrolls of remove curse {unknown}
 p - a scroll of immolation {unknown}
 s - a scroll of amnesia {unknown}
 t - a scroll of blinking {unknown}
 v - a scroll of identify {unknown}
 z - 2 scrolls of teleportation {unknown}
Potions
 i - a potion of haste {unknown}
 k - a potion of curing
 l - a potion of heal wounds {unknown}
 n - 4 potions of attraction {unknown}
 r - 4 potions of flight {unknown}
 u - a potion of cancellation {unknown}
 w - 2 potions of degeneration {unknown}
 x - a potion of mutation {unknown}


   Skills:
 + Level 4.9 Fighting
 + Level 5.5 Long Blades
 + Level 0.3 Throwing
 + Level 5.0 Armour
 + Level 1.1 Dodging
 + Level 0.5 Stealth
 + Level 4.6 Shields


You had 6 spell levels left.
You didn't know any spells.
Your spell library was empty.

Dungeon Overview and Level Annotations

Branches:
Dungeon (3/15)

Altars:
Ashenzari
Fedhas
Okawaru
Ru
Xom

Annotations:
D:3 Grinder


Message History

The ball python constricts you. Grinder gestures at you.
Pain shoots through your body!
* * * LOW HITPOINT WARNING * * *
You feel better. The ball python barely misses you.
You riposte.
You hit the ball python.
You kill the ball python!
Grinder hits you.
* * * LOW HITPOINT WARNING * * *
You writhe in agony.
* * * LOW HITPOINT WARNING * * *
You closely miss Grinder.
Grinder is heavily wounded.
You block Grinder's attack.
You hit Grinder.
Grinder is heavily wounded.
Grinder hits you!
* * * LOW HITPOINT WARNING * * *
You writhe in agony.
You die...

#........# #.#
#.......)####.#
#.......)[.##.# #
###.######..#.#
###.#####.# ##...#
..>......#### ##..#
####.##.......# #..#
#..!....5.....#. ...#
.##.##.@.......######
#....†.#.....#
#.##...#..#..# #
#..#..##..#
#..#.#....#
##.#.##...# #?... ..#
##### ##


You could see Grinder.

Vanquished Creatures
  Sigmund (D:3)
  5 killer bees
  An orc wizard (D:3)
  A worker ant (D:3)
  2 adders
  An ufetubus (D:3)
  3 oozes
  A worm (D:2)
  4 dart slugs (D:2)
  4 leopard geckos
  7 orcs (D:3)
  4 bats
  3 giant cockroaches
  4 goblins
  4 hobgoblins (D:1)
  6 kobolds
  2 quokkas
  3 ball pythons
  2 frilled lizards (D:1)
  4 rats
62 creatures vanquished.

Notes
Turn   | Place    | Note
-------+----------+-------------------------------------------
     0 | D:1      | Eitelfritz the Hill Orc Fighter began the quest for the
                  | Orb.
     0 | D:1      | Reached XP level 1. HP: 19/19 MP: 1/1
    35 | D:1      | Reached XP level 2. HP: 18/27 MP: 2/2
   575 | D:1      | Reached XP level 3. HP: 33/33 MP: 3/3
   881 | D:2      | Found a blossoming altar of Fedhas.
  1178 | D:2      | Found an iron altar of Okawaru.
  1200 | D:2      | Reached XP level 4. HP: 40/40 MP: 4/4
  1368 | D:2      | Found a broken altar of Ashenzari.
  1548 | D:2      | Found a blossoming altar of Fedhas.
  1550 | D:2      | Found a shimmering altar of Xom.
  1550 | D:2      | Found a glowing golden altar of the Shining One.
  1552 | D:2      | Found a shadowy altar of Dithmenos.
  1552 | D:2      | Found a shadowy altar of Dithmenos.
  1552 | D:2      | Found a hide-covered altar of Uskayaw.
  1799 | D:3      | Noticed Sigmund
  1815 | D:3      | Killed Sigmund
  1816 | D:3      | Reached XP level 5. HP: 28/47 MP: 5/5
  1820 | D:3      | Reached XP level 6. HP: 32/53 MP: 6/6
  1827 | D:3      | Reached skill level 1 in Dodging
  1838 | D:3      | Reached skill level 5 in Long Blades
  2120 | D:2      | Reached XP level 7. HP: 50/60 MP: 7/7
  2135 | D:3      | Reached skill level 5 in Armour
  2247 | D:3      | Found a sacrificial altar of Ru.
  2478 | D:3      | Noticed Grinder
  2487 | D:3      | Paralysed by Grinder for 6 turns
  2499 | D:3      | Slain by Grinder

Illustrated notes

Levels and vault maps discovered:
D:1:      nicolae_arrival_somewhat_less_tricky_arrival, layout_basic
D:2:      layout_loops_cross, nicolae_ashenzari_panopticon, fedhas_altar_2,
          okawaru_metal_pillars_3, doesnt_xom_only_xom
D:3:      layout_rooms, lemuel_crystal_altar, minmay_misc_feat_square,
          uniq_grinder, uniq_sigmund

Skill      XL: |  1  2  3  4  5  6  7 |
---------------+----------------------+-----
Fighting       | 4 |  4.9
Long Blades    | 3 4 5 |  5.5
Armour         | 4 5 |  5.0
Shields        | 4 |  4.6
Dodging        | 1 |  1.1
Throwing       | |  0.3
Stealth        | |  0.5

Action                   |  1- 3 |  4- 6 |  7- 9 || total
-------------------------+-------+-------+-------++-------
Melee: Long sword        |    79 |    55 |    52 ||   186
Throw: Dart              |       |     4 |       ||     4
  Use: Potion            |       |     2 |     1 ||     3
Armor: Scale mail        |    52 |    16 |    19 ||    87
Dodge: Dodged            |    33 |    28 |    28 ||    89
Block: Kite shield       |    30 |       |       ||    30
       Buckler           |    14 |    12 |     9 ||    35
       Rpst.: Long sword |    11 |     8 |    12 ||    31
